 Dungeon Crawl Stone Soup version 0.20.1-1-g8b1a95d (console) character file.

2471 hilaritas the Cleaver (level 9, -2/68 HPs)
             Began as a Formicid Fighter on Aug 3, 2017.
             Slain by Filfaeril's ghost (16 damage)
             ... on level 7 of the Dungeon.
             The game lasted 00:13:37 (6111 turns).

hilaritas the Cleaver (Formicid Fighter)            Turns: 6111, Time: 00:13:38

Health: -2/68      AC: 16    Str: 23 (24) XL:     9   Next: 80%
Magic:  9/9        EV:  6    Int: 12 (13) God:
Gold:   471        SH: 12    Dex: 10      Spells: 8/8 levels left

rFire    + . .     SeeInvis +   a - +1 war axe
rCold    . . .     Gourm    .   c - +1 shield
rNeg     . . .     Faith    .   d - +1 plate armour {rF+}
rPois    .         Spirit   .   (helmet unavailable)
rElec    .         Reflect  .   r - scarf {cloud immunity}
rCorr    .         Harm     .   l - +0 pair of gloves
MR       .....                  (no boots)
Stlth    ..........             (no amulet)
Regen    0.3/turn               i - +2 ring of protection
MPRegen  0.2/turn               (no ring)

@: brilliant
A: permanent stasis, dig shafts and tunnels, four strong arms, antennae 3
a: Dig, Shaft Self


You were on level 7 of the Dungeon.
You were not hungry.

You visited 2 branches of the dungeon, and saw 8 of its levels.

You collected 471 gold pieces.

Inventory:

Hand Weapons
 a - a +1 war axe (weapon)
 b - a +1 hand axe of electrocution
 t - a +0 mace
Missiles
 n - 8 tomahawks (quivered)
Armour
 c - a +1 shield (worn)
 d - a +1 plate armour of fire resistance (worn)
 l - a +0 pair of gloves (worn)
 r - a scarf of cloud immunity (worn)
Jewellery
 i - a +2 ring of protection (left hand)
Scrolls
 e - 4 scrolls of identify
 k - 3 scrolls of remove curse
 o - a scroll of magic mapping
Potions
 m - 3 potions of flight
Comestibles
 f - 4 bread rations
 g - a royal jelly
 s - 3 meat rations
 u - 5 fruits


   Skills:
 * Level 5.6 Fighting
 - Level 10.0 Axes
 + Level 4.5 Armour
 + Level 8.0 Shields


You had 8 spell levels left.
You didn't know any spells.

Dungeon Overview and Level Annotations

Branches:
Dungeon (7/15)             Temple (1/1) D:5

Altars:
Ashenzari
Cheibriados
Dithmenos
Fedhas
Gozag
Hepliaklqana
Kikubaaqudgha
Makhleb
Nemelex Xobeh
Qazlal
Ru
Sif Muna
Trog
Uskayaw
Vehumet
Xom
Zin

Annotations:
D:7 Filfaeril's ghost, novice GrEE


Innate Abilities, Weirdness & Mutations

You cannot be hasted, slowed, berserked, paralysed or teleported.
You can dig through walls and to a lower floor.
Your four strong arms can wield two-handed weapons with a shield.
You have a pair of large antennae on your head. (SInv)


Message History

Filfaeril's ghost hits you but does no damage.
Something unseen opens the door.
You hit Filfaeril's ghost but do no damage.
Filfaeril's ghost is moderately damaged.
Filfaeril's ghost gestures at you while chanting.
The stone arrow hits you!
* * * LOW HITPOINT WARNING * * *
A crimson imp comes into view.
Filfaeril's ghost points at you and mumbles some strange words.
You block the blast of sand.
You hit the crimson imp.
The crimson imp is moderately wounded.
Filfaeril's ghost lets out a mournful wail.
The crimson imp barely misses you.
You hit the crimson imp.
The crimson imp is severely wounded.
You barely miss Filfaeril's ghost. Filfaeril's ghost hits you.
* * * LOW HITPOINT WARNING * * *
You are electrocuted!
You die...

## ### .....
.#.. ... .. #
#. #
....##.####.#
#.<..5@W..#
####'######
#. #. #. { #.
+


You could see Filfaeril's ghost and a crimson imp.

Vanquished Creatures
  The ghost of LittleStrapony the Firebug, a novice DEFE of Qazlal (D:6)
  Grinder (D:5)
  Sigmund (D:6)
  2 orc warriors
  3 phantoms
  2 ogres (D:4)
  2 bullfrogs (D:6)
  A wyvern zombie (D:6)
  A water moccasin zombie (D:5)
  A scorpion (D:4)
  2 howler monkeys (D:6)
  A vampire bat (D:4)
  A crimson imp (D:4)
  2 bullfrog zombies (D:5)
  The ghost of beigtais the Conjurer, a weakling DECj (D:4)
  3 orc wizards
  2 orc priests
  2 hounds (D:4)
  A centaur skeleton (D:6)
  Jessica (D:2)
  4 worker ants
  Natasha (thrice) (D:2)
  Terence (D:2)
  An iguana (D:5)
  2 hound skeletons
  4 gnolls
  7 adders
  3 shadow imps
  An adder zombie (D:5)
  3 dart slugs
  5 leopard geckos
  17 orcs
  2 ball pythons
  12 bats
  3 giant cockroaches
  9 goblins
  11 hobgoblins
  3 jackals (D:2)
  A quokka (D:5)
  3 frilled lizards (D:1)
  6 kobolds
  5 rats
  2 fungi (D:3)
139 creatures vanquished.

Notes
Turn   | Place    | Note
-------+----------+-------------------------------------------
     0 | D:1      | hilaritas the Formicid Fighter began the quest for the Orb.
     0 | D:1      | Reached XP level 1. HP: 18/18 MP: 1/1
   320 | D:1      | Reached XP level 2. HP: 22/24 MP: 2/2
   638 | D:1      | Reached XP level 3. HP: 19/29 MP: 3/3
  1088 | D:2      | Reached skill level 3 in Axes
  1156 | D:2      | Noticed Natasha
  1167 | D:2      | Killed Natasha
  1167 | D:2      | Reached XP level 4. HP: 20/35 MP: 4/4
  1315 | D:2      | Noticed Natasha
  1324 | D:2      | Killed Natasha
  1324 | D:2      | Reached skill level 4 in Axes
  1324 | D:2      | Reached XP level 5. HP: 31/41 MP: 5/5
  1338 | D:2      | Found a shimmering altar of Xom.
  1367 | D:2      | Noticed Natasha
  1376 | D:2      | Killed Natasha
  1604 | D:2      | Noticed Terence
  1610 | D:2      | Killed Terence
  1635 | D:2      | Noticed Jessica
  1641 | D:2      | Killed Jessica
  1641 | D:2      | Reached skill level 5 in Axes
  1641 | D:2      | Reached skill level 5 in Shields
  1641 | D:2      | Reached XP level 6. HP: 40/47 MP: 6/6
  2081 | D:3      | Found a sacrificial altar of Ru.
  2885 | D:4      | Reached skill level 6 in Axes
  2903 | D:4      | Reached XP level 7. HP: 51/52 MP: 7/7
  3206 | D:4      | Reached skill level 7 in Axes
  3237 | D:4      | Noticed beigtais's ghost (weakling DECj)
  3248 | D:4      | Killed beigtais's ghost
  3379 | D:4      | Reached XP level 8. HP: 47/58 MP: 8/8
  3610 | D:5      | Entered Level 5 of the Dungeon
  3640 | D:5      | Reached skill level 8 in Axes
  3799 | D:5      | Found a staircase to the Ecumenical Temple.
  3805 | Temple   | Entered the Ecumenical Temple
  4314 | D:5      | Reached skill level 9 in Axes
  4640 | D:5      | Found a sacrificial altar of Ru.
  4664 | D:5      | Noticed Grinder
  4686 | D:5      | Killed Grinder
  4686 | D:5      | Reached XP level 9. HP: 57/64 MP: 9/9
  4804 | D:5      | Found a blossoming altar of Fedhas.
  4859 | D:6      | Reached skill level 10 in Axes
  4899 | D:6      | Found a hazy altar of Hepliaklqana.
  4919 | D:6      | Found a snail-covered altar of Cheibriados.
  4998 | D:6      | Noticed LittleStrapony's ghost (novice DEFE)
  5019 | D:6      | Killed LittleStrapony's ghost
  5230 | D:6      | Noticed Sigmund
  5237 | D:6      | Killed Sigmund
  5304 | D:6      | Reached skill level 5 in Fighting
  5310 | D:6      | HP: 3/68 [orc warrior/trident (12)]
  5312 | D:6      | HP: 1/68 [orc warrior/trident (5)]
  6094 | D:7      | Noticed Filfaeril's ghost (novice GrEE)
  6111 | D:7      | Slain by Filfaeril's ghost

Skill      XL: |  1  2  3  4  5  6  7  8  9 |
---------------+----------------------------+-----
Shields        | 4 5 6 8 |  8.0
Axes           | 3 4 5 6 7 9 10 | 10.0
Fighting       | 5 |  5.6
Armour         | 4 |  4.5

Action                   |  1- 3 |  4- 6 |  7- 9 || total
-------------------------+-------+-------+-------++-------
Melee: War axe           |    90 |   148 |   281 ||   519
Throw: Tomahawk          |       |       |     5 ||     5
 Abil: Dig               |       |       |     1 ||     1
  Use: Scroll            |       |     5 |     5 ||    10
       Potion            |       |       |     8 ||     8
 Stab: Paralysed         |       |       |     1 ||     1
  Eat: Chunk             |     1 |     5 |    11 ||    17
Armor: Scale mail        |    24 |    83 |    15 ||   122
       Chain mail        |       |       |    13 ||    13
       Plate armour      |       |       |    75 ||    75
       Skin              |       |       |     1 ||     1
Dodge: Dodged            |    25 |    59 |    66 ||   150
Block: Shield            |    41 |    93 |   134 ||   268
